 Dungeon Crawl Stone Soup version 0.22.1-1-ga44c0e5 (webtiles) character file.

26261 seyes the Martial Artist (level 13, 0/108 HPs)
             Began as an Octopode Transmuter on Oct 28, 2018.
             Was the Champion of Okawaru.
             Slain by an eight-headed hydra (11 damage)
             ... on level 6 of the Lair of Beasts on Oct 29, 2018.
             The game lasted 01:47:00 (17345 turns).

seyes the Martial Artist (Octopode Transmuter)     Turns: 17345, Time: 01:47:01

Health: 0/108      AC:  7    Str: 14    XL:     13   Next: 24%
Magic:  16/23      EV: 20    Int: 23    God:    Okawaru [******]
Gold:   1225       SH:  0    Dex: 14    Spells: 10/26 levels left

rFire    + . .     SeeInvis .     - Unarmed
rCold    + + +     Gourm    .   (shield currently unavailable)
rNeg     . . .     Faith    .   (helmet currently unavailable)
rPois    +         Spirit   .   (no amulet)
rElec    +         Reflect  .   f - +5 ring of evasion
rCorr    +         Harm     .   L - ring "Bif Geas" {rCorr *Corrode Str+4 Int+3 Dex+2}
MR       .....                  O - ring of Estiwk {*Slow +Fly rElec rF+ Slay+2}
Stlth    ++........             M - ring of poison resistance
HPRegen  0.28/turn              N - ring of protection from fire
MPRegen  0.18/turn              K - ring of wizardry
                                (no ring)
                                (no ring)

@: ice-form
A: large, almost no armour, stealthy swim, amphibious, 8 rings, (constrict 8)
a: End Transformation, Heroism, Finesse, Renounce Religion, Evoke Flight


You were on level 6 of the Lair of Beasts.
You worshipped Okawaru.
Okawaru was exalted by your worship.
You were not hungry.
You were a creature of crystalline ice.
You visited 3 branches of the dungeon, and saw 15 of its levels.
You also visited: Ice Cave.

You collected 1357 gold pieces.
You spent 132 gold pieces at shops.

Inventory:

Hand Weapons
 F - a +0 shortbow
Missiles
 a - 121 arrows
 C - 8 tomahawks
 D - 639 stones (quivered)
Armour
 A - a +2 buckler
Magical Staves
 e - an uncursed staff of energy (melded)
Jewellery
 f - a +5 ring of evasion (left front paw)
 K - a ring of wizardry (on tentacle)
 L - the ring "Bif Geas" (right front paw) {rCorr *Corrode Str+4 Int+3 Dex+2}
   (You found it in an ice cave)

   [ring of resist corrosion]

   It affects your strength (+4).
   It affects your intelligence (+3).
   It affects your dexterity (+2).
   It may corrode you when you take damage.
 M - a ring of poison resistance (on tentacle)
 N - a ring of protection from fire (on tentacle)
 O - the ring of Estiwk (on tentacle) {*Slow +Fly rElec rF+ Slay+2}
   (You found it on level 4 of the Lair of Beasts)

   [ring of flight]

   It affects your accuracy and damage with ranged weapons and melee attacks
   (+2).
   It protects you from fire.
   It insulates you from electricity.
   It lets you fly.
   It may slow you when you take damage.
Wands
 r - a wand of iceblast (9)
 G - a wand of acid (6)
 H - a wand of digging (11)
Scrolls
 b - a scroll of magic mapping
 d - 5 scrolls of teleportation
 g - 4 scrolls of random uselessness {unknown}
 i - 2 scrolls of noise {unknown}
 j - 4 scrolls of amnesia {unknown}
 k - a scroll of identify
 l - 2 scrolls of fear {unknown}
 m - 3 scrolls of remove curse
 s - 3 scrolls of blinking {unknown}
 x - a scroll of enchant weapon {unknown}
 y - 3 scrolls of immolation {unknown}
 E - a scroll of enchant armour {unknown}
 I - a scroll of vulnerability {unknown}
 J - a scroll of torment {unknown}
Potions
 h - a potion of brilliance
 n - 4 potions of lignification
 o - 5 potions of resistance
 p - 7 potions of curing
 q - 5 potions of might
 t - a potion of heal wounds
 u - 3 potions of berserk rage
 v - 2 potions of haste
 w - 2 potions of flight
 z - 3 potions of agility
 B - a potion of cancellation
 Q - a potion of invisibility {unknown}
Comestibles
 c - 18 rations


   Skills:
 + Level 9.2 Fighting
 - Level 1.1 Bows
 + Level 9.4 Dodging
 + Level 3.5 Stealth
 + Level 9.7 Unarmed Combat
 - Level 7.1 Spellcasting
 - Level 6.0 Translocations
 - Level 9.2 Transmutations
 - Level 4.3 Ice Magic
 - Level 7.2 Invocations


You had 10 spell levels left.
You knew the following spells:

 Your Spells              Type           Power        Failure   Level  Hunger
a - Apportation           Tloc           #####.       1%          1    None
b - Blade Hands           Tmut           ######....   1%          5    #####..
c - Beastly Appendage     Tmut           ######       1%          1    None
e - Lesser Beckoning      Tloc           #####.....   1%          3    None
i - Ice Form              Ice/Tmut       #####...     1%          4    ###....
t - Sticks to Snakes      Tmut           ######..     1%          2    None

Your spell library contained the following spells:

 Spells                   Type           Power        Failure   Level  Hunger
 Spider Form              Tmut/Pois      ####......   1%          3    None
 Magic Dart               Conj           #...         3%          1    None
 Summon Butterflies       Summ           #.......     3%          1    None
 Searing Ray              Conj           #.....       4%          2    None
 Dazzling Spray           Conj/Hex       #.....       9%          3    None
 Tukima's Dance           Hex            #.......     9%          3    None
 Force Lance              Conj/Tloc      ###.....     9%          4    ###....
 Alistair's Intoxication  Tmut/Pois      ####....     13%         5    #####..
 Fulminant Prism          Conj/Hex       #.........   28%         4    ###....
 Iskenderun's Mystic Bla  Conj           #.......     28%         4    ###....
 Invisibility             Hex            #.......     98%         6    ######.


Dungeon Overview and Level Annotations

Branches:
Dungeon (8/15)             Temple (1/1) D:5            Lair (6/6) D:8
  Swamp (0/4) Lair:3        Snake (0/4) Lair:3        Slime (0/5) Lair:5

Altars:
Ashenzari
Cheibriados
Dithmenos
Elyvilon
Fedhas
Gozag
Kikubaaqudgha
Makhleb
Nemelex Xobeh
Okawaru
Qazlal
Ru
Sif Muna
Trog
Uskayaw
Vehumet
Wu Jian
Xom
Yredelemnul
Zin
The Shining One
Jiyva

Shops:
D:5 !   D:7 !!?

Annotations:
D:7 exclusion: oklob plant
D:8 3 runed doors, lansh's ghost, novice CeCK
Lair:1 exclusion: oklob plant
Lair:5 3 runed doors, Batoupnagg's ghost, journeyman MiBe


Innate Abilities, Weirdness & Mutations

You cannot wear most types of armour.
You are very stealthy in the water. (Stealth+)
You are amphibious.
You can wear up to eight rings at the same time.
((You can use your tentacles to constrict eight enemies at once.))
((Your skin changes colour to match your surroundings (Stealth+).))
((Your rubbery body absorbs attacks. (AC +1, EV +1)))


Message History

The dream sheep bites you!
The eight-headed hydra moves out of view.
Items here: †††† a dream sheep corpse x4
You pummel the dream sheep!! You freeze the dream sheep!
You kill the dream sheep!
Okawaru accepts your kill.
Your adder barely misses the dream sheep.
Your adder bites the dream sheep.
The dream sheep looks even sicker.
Your adder poisons the dream sheep!
The dream sheep bites you!
* * * LOW HITPOINT WARNING * * *
Your adder barely misses the dream sheep.
Your adder bites the dream sheep.
The dream sheep looks as sick as possible!
Your adder poisons the dream sheep!
The eight-headed hydra bites you!
* * * LOW HITPOINT WARNING * * *
The eight-headed hydra bites you!
* * * LOW HITPOINT WARNING * * *
The eight-headed hydra bites you!
You die...

*,,,....##* ** *,,,......#* *##
,****,,.......####.#### ****
,,**,,,...............#** **,,***
,,,,,,,...............#,***,*,*,,
,,***,,......P.......#*,,*,*,*,,,
,,*,,,,........SS...#,,,,,,,,,,,,
,,,,,,,,,<,,,#SSY...#,,,,,,,,,*,,
,,,,,,,.....S.##YPPP#*,,,*,,,≈*,,
,,,,*,,.......#DPP.##,,,,,,,,,≈≈,
,,,,,,,.......P....#,,,,*,,,*,,*≈
,,,,,,,..............,,**,,,,,,*,
,,,,,,,...............,***,,,,*,∩
,,,**,,.....#.#.........*,,,,*,,*
,,***,,......###.(.....#,,,,,,,,*
*** **,,,...#* #.##.....,,,,,,,,,
* ****,,** **,,,,,,,,,*,,,,,,


You could see an eight-headed hydra, a dream sheep and 4 friendly adders.

Vanquished Creatures
  2 ice dragons (IceCv)
  2 hydras
  A two-headed ogre (D:8)
  A necromancer (Lair:2)
  2 ice statues (IceCv)
  2 black mambas
  10 elephants
  2 komodo dragons (Lair:2)
  4 spiny frogs
  2 rime drakes (IceCv)
  3 blink frogs (Lair:5)
  4 hippogriffs
  10 dream sheep
  16 yaks
  A wyvern (D:8)
  4 hogs (D:7)
  4 basilisks
  A human (D:7)
  Menkaure (D:7)
  3 nagas (Lair:3)
  9 water moccasins
  10 porcupines
  An orc warrior (D:8)
  18 ice beasts
  2 phantoms
  3 black bears (D:8)
  3 ogres
  6 wolves
  2 centaurs
  10 crocodiles
  5 bullfrogs
  2 water moccasin zombies
  A scorpion (D:5)
  A howler monkey (D:5)
  8 crimson imps
  6 hounds
  A jelly (D:8)
  3 orc priests
  6 orc wizards
  3 bullfrog skeletons
  An iguana (D:5)
  7 worker ants
  A polar bear simulacrum (Lair:2)
  Terence (D:3)
  3 yak simulacra (Lair:2)
  4 wolf simulacra (Lair:2)
  8 adders
  4 gnolls (D:6)
  2 shadow imps (D:5)
  3 oozes
  3 worms
  4 dart slugs
  4 leopard geckos
  30 orcs
  4 bats
  5 giant cockroaches
  3 hobgoblins
  11 jackals
  3 quokkas
  A ball python (D:4)
  3 frilled lizards
  5 goblins
  2 kobolds (D:1)
  A leopard gecko zombie (D:6)
  2 quokka zombies
  7 rats
  3 river rat simulacra (Lair:2)
  A fungus (D:6)
301 creatures vanquished.

Vanquished Creatures (collateral kills)
  Rupert (Lair:5)
  A yak (Lair:1)
  A hungry ghost (D:8)
  4 water moccasins
  An ogre (D:4)
  An orc priest (D:4)
  Crazy Yiuf (D:6)
  An orc (D:4)
11 creatures vanquished.

Vanquished Creatures (others)
  A crocodile (Lair:5)
  A quasit (D:8)
  An adder (D:8)
  A bush (D:8)
  6 fungi
  6 plants
16 creatures vanquished.

Grand Total: 328 creatures vanquished

Notes
Turn   | Place    | Note
-------+----------+-------------------------------------------
     0 | D:1      | seyes the Octopode Transmuter began the quest for the Orb.
     0 | D:1      | Reached XP level 1. HP: 13/13 MP: 3/3
   221 | D:1      | Reached XP level 2. HP: 12/18 MP: 3/5
   462 | D:1      | Learned a level 2 spell: Sticks to Snakes
  1288 | D:2      | You fall through a shaft!
  1356 | D:3      | Noticed Terence
  1381 | D:3      | Reached XP level 3. HP: 22/23 MP: 4/6
  1513 | D:3      | Found an ancient bone altar of Kikubaaqudgha.
  1799 | D:2      | Found a shattered altar of Ashenzari.
  2296 | D:3      | Reached XP level 4. HP: 24/28 MP: 5/7
  2297 | D:3      | Found a shadowy altar of Dithmenos.
  2426 | D:3      | Killed Terence
  2505 | D:3      | Reached skill level 5 in Transmutations
  2505 | D:3      | Reached XP level 5. HP: 10/33 MP: 8/8
  3125 | D:3      | Learned a level 4 spell: Ice Form
  3616 | D:4      | Reached skill level 1 in Ice Magic
  3643 | D:4      | Reached XP level 6. HP: 15/38 MP: 9/9
  4192 | D:4      | Found a snail-covered altar of Cheibriados.
  4831 | D:5      | Entered Level 5 of the Dungeon
  4842 | D:5      | Reached XP level 7. HP: 43/43 MP: 5/12
  4969 | D:5      | Found a staircase to the Ecumenical Temple.
  5007 | Temple   | Entered the Ecumenical Temple
  5079 | Temple   | Became a worshipper of Warmaster Okawaru
  5437 | D:4      | You fall through a shaft for 3 floors!
  5485 | D:7      | Noticed a hog
  5485 | D:7      | Noticed a human
  5485 | D:7      | Noticed a hog
  5486 | D:7      | Noticed a hog
  5487 | D:7      | Noticed a hog
  5497 | D:7      | Noticed Menkaure
  5507 | D:7      | Killed Menkaure
  5525 | D:7      | Reached XP level 8. HP: 48/48 MP: 10/14
  5531 | D:7      | Found Onkop's Distillery.
  5551 | D:7      | Bought a potion of curing for 39 gold pieces
  5551 | D:7      | Bought a potion of heal wounds for 65 gold pieces
  5560 | D:7      | Found Jizaiquri's Magic Scroll Shoppe.
  5561 | D:7      | Found Zikutit's Distillery.
  5570 | D:7      | Bought a scroll of identify for 28 gold pieces
  5659 | D:7      | Learned a level 5 spell: Blade Hands
  5725 | D:7      | Reached * piety under Okawaru
  5762 | D:7      | Found a blossoming altar of Fedhas.
  5774 | D:7      | Noticed an oklob plant
  5870 | D:7      | Reached skill level 5 in Spellcasting
  6153 | D:5      | Found a shimmering altar of Xom.
  6239 | D:5      | Found Xuic's Distillery.
  6356 | D:5      | Reached ** piety under Okawaru
  6356 | D:5      | Reached XP level 9. HP: 38/53 MP: 14/18
  6485 | D:5      | Found a glowing golden altar of the Shining One.
  7146 | D:6      | Found a sacrificial altar of Ru.
  7315 | D:6      | Found a runed door.
  7319 | D:6      | Noticed Crazy Yiuf
  7333 | D:6      | Killed Crazy Yiuf
  7975 | D:7      | Learned a level 1 spell: Apportation
  8503 | D:7      | Reached *** piety under Okawaru
  8954 | D:8      | Reached XP level 10. HP: 63/63 MP: 14/20
  8968 | D:8      | Reached **** piety under Okawaru
  8974 | D:8      | Reached skill level 1 in Invocations
  8983 | D:8      | Found a staircase to the Lair.
  9131 | D:8      | Found a runed gate.
  9151 | D:8      | Found a runed gate.
  9151 | D:8      | Found a runed gate.
  9164 | D:8      | Reached skill level 1 in Bows
  9169 | D:8      | Noticed lansh's ghost (novice CeCK)
  9260 | D:8      | Found a radiant altar of Vehumet.
  9331 | D:8      | Found a basalt altar of Yredelemnul.
  9342 | D:8      | Reached skill level 5 in Unarmed Combat
  9558 | D:8      | Found a glowing silver altar of Zin.
  9862 | D:8      | Noticed a two-headed ogre
  9895 | D:8      | Killed a two-headed ogre
  9895 | D:8      | Reached skill level 5 in Dodging
  9990 | Lair:1   | Entered Level 1 of the Lair of Beasts
 10029 | Lair:1   | Reached skill level 5 in Fighting
 10034 | Lair:1   | Noticed an oklob plant
 10179 | Lair:1   | Reached ***** piety under Okawaru
 10253 | Lair:1   | Noticed a black mamba
 10260 | Lair:1   | Killed a black mamba
 10444 | Lair:1   | Reached XP level 11. HP: 54/72 MP: 12/21
 10642 | Lair:1   | Reached skill level 5 in Invocations
 11102 | Lair:2   | Received a gift from Okawaru
 11271 | Lair:2   | Noticed a necromancer
 11279 | Lair:2   | Killed a necromancer
 11402 | Lair:2   | Learned a level 3 spell: Lesser Beckoning
 11420 | Lair:2   | Noticed a seven-headed hydra
 11452 | Lair:2   | Killed a seven-headed hydra
 12007 | Lair:2   | Reached skill level 5 in Translocations
 12750 | Lair:3   | Found a staircase to the Swamp.
 12913 | Lair:3   | Reached XP level 12. HP: 65/80 MP: 15/22
 13085 | Lair:3   | Received a gift from Okawaru
 13086 | Lair:3   | Got an ichor-stained buckler {god gift}
 13099 | Lair:3   | Identified the +1 buckler "Waejukk" {-Cast rF+ Str+8 Int-5}
                  | (Okawaru gifted it to you on level 3 of the Lair of Beasts)
 13240 | Lair:3   | Found a staircase to the Snake Pit.
 14202 | Lair:4   | Noticed a four-headed hydra
 14235 | Lair:4   | Killed a four-headed hydra
 14262 | Lair:4   | Found a frozen archway.
 14351 | IceCv    | Entered an ice cave
 14986 | IceCv    | Noticed an ice dragon
 14986 | IceCv    | Noticed an ice dragon
 14994 | IceCv    | Killed an ice dragon
 15003 | IceCv    | Killed an ice dragon
 15019 | IceCv    | Got a faintly glowing jade ring
 15379 | Lair:4   | Identified the ring "Bif Geas" {rCorr *Corrode Str+4 Int+3
                  | Dex+2} (You found it in an ice cave)
 15662 | Lair:4   | Got a glittering pewter ring
 15663 | Lair:4   | Identified the ring of Estiwk {*Slow +Fly rElec rF+ Slay+2}
                  | (You found it on level 4 of the Lair of Beasts)
 16128 | Lair:5   | Reached XP level 13. HP: 67/90 MP: 15/23
 16388 | Lair:5   | Noticed Rupert
 16446 | Lair:5   | Killed Rupert
 16446 | Lair:5   | Reached skill level 1 in Stealth
 16613 | Lair:5   | Found a runed gate.
 16614 | Lair:5   | Found a runed gate.
 16615 | Lair:5   | Found a runed gate.
 16618 | Lair:5   | Noticed Batoupnagg's ghost (journeyman MiBe)
 17105 | Lair:5   | Found a viscous altar of Jiyva.
 17105 | Lair:5   | Found a staircase to the Slime Pits.
 17320 | Lair:6   | Entered Level 6 of the Lair of Beasts
 17342 | Lair:6   | Reached ****** piety under Okawaru
 17345 | Lair:6   | Slain by an eight-headed hydra

Skill      XL: |  1  2  3  4  5  6  7  8  9 10 11 12 13 |
---------------+----------------------------------------+-----
Transmutations | 3 4 5 6 8 9 |  9.2
Ice Magic      | 1 2 3 4 |  4.3
Spellcasting   | 3 4 6 7 |  7.1
Fighting       | 3 5 6 8 9 |  9.2
Dodging        | 3 5 6 9 |  9.4
Unarmed Combat | 4 6 7 9 |  9.7
Invocations    | 4 7 |  7.2
Bows           | 1 |  1.1
Translocations | 6 |  6.0
Stealth        | 3 |  3.5

Action                   |  1- 3 |  4- 6 |  7- 9 | 10-12 | 13-15 || total
-------------------------+-------+-------+-------+-------+-------++-------
Melee: Unarmed           |    80 |   121 |   342 |   527 |    57 ||  1127
       Constrict         |    22 |    18 |    18 |     1 |     1 ||    60
       Kick              |    12 |    16 |     8 |       |       ||    36
       Tentacles         |     8 |    12 |    13 |     3 |     1 ||    37
       Punch             |     1 |     1 |     1 |     1 |       ||     4
       Staff             |       |       |       |     1 |     1 ||     2
Throw: Stone             |     7 |     3 |     6 |    13 |       ||    29
 Cast: Beastly Appendage |    17 |    14 |     6 |     2 |       ||    39
       Sticks to Snakes  |     1 |    10 |     8 |    28 |    13 ||    60
       Ice Form          |       |     5 |    27 |    50 |     4 ||    86
       Apportation       |       |       |     4 |     2 |     1 ||     7
       Blade Hands       |       |       |     2 |     3 |       ||     5
       Lesser Beckoning  |       |       |       |       |     1 ||     1
Invok: Heroism           |       |       |     3 |    11 |       ||    14
       Finesse           |       |       |       |     4 |       ||     4
 Abil: End Transformatio |       |       |     2 |     5 |       ||     7
  Use: Scroll            |     2 |       |    11 |     6 |     2 ||    21
       Potion            |       |       |       |     3 |     2 ||     5
 Stab: Sleeping          |     1 |     2 |     1 |       |       ||     4
       Distracted        |       |     1 |     1 |     1 |     1 ||     4
  Eat: Chunk             |     5 |     9 |    18 |    16 |     4 ||    52
       Ration            |       |       |       |     3 |       ||     3
Armor: Skin              |    12 |     9 |    39 |    54 |     2 ||   116
Dodge: Dodged            |    69 |    65 |   192 |   295 |    35 ||   656
